General information
			
			
        
        - name: BNet
 
        - type: Ladder team game (AT/RT)
 
        - host: Battle.net
 
        - saver: VELOX_NEB
 
        
map: RiceFields 
        - players: 6
 
        - length: 124:09
 
        - speed: Fast
 - version: 1.21 W3XP
 - replay type:  Public
 
» download(731 KB)
Players
        team 1 (winner) 
              
              
GOKUMaN69 (
blue | 55 APM | 6759 actions | 123:57)
              
 9 Demon Hunter 
 3 Mana Burn
 3 Evasion
 1 Metamorphosis
 2 Immolation
 
                » actions 
                
                | Assign group hotkey | 4 |  | 
| Basic commands | 2 |  | 
| Build / train | 128 |  | 
| Enter build submenu | 35 |  | 
| Enter hero's abilities submenu | 9 |  | 
| Give item / drop item | 7 |  | 
| Remove unit from queue | 9 |  | 
| Right click | 4753 |  | 
| Select / deselect | 1484 |  | 
| Select group hotkey | 4 |  | 
| Use ability | 324 |  | 
                6759 total
 » units 
                
                | Wisp | 34 |  | 
| Chimaera | 26 |  | 
| Hippogryph | 16 |  | 
                76 total
 » upgrades
                
                | Ultravision | 1 |  | 
| Strength of the Wild | 3 |  | 
| Reinforced Hides | 4 |  | 
| Well Spring | 1 |  | 
| Corrosive Breath | 1 |  | 
                10 total
 » buildings
                
                | Altar of Elders | 2 |  | 
| Moon Well | 16 |  | 
| Hunter's Hall | 1 |  | 
| Tree of Ages | 3 |  | 
| Tree of Life | 2 |  | 
| Tree of Eternity | 2 |  | 
| Ancient of Wind | 2 |  | 
| Ancient of Wonders | 2 |  | 
| Chimaera Roost | 3 |  | 
                33 total
 » build order
                00:06 Altar of Elders
00:20 Moon Well
01:23 Moon Well
02:22 Moon Well
03:35 Hunter's Hall
04:50 Tree of Ages
04:50 Tree of Ages
05:43 Tree of Life
07:49 Tree of Eternity
07:49 Tree of Eternity
08:32 Ancient of Wind
09:44 Ancient of Wonders
10:27 Chimaera Roost
10:28 Chimaera Roost
13:11 Moon Well
15:06 Moon Well
18:43 Moon Well
18:46 Moon Well
20:24 Moon Well
21:20 Moon Well
21:25 Moon Well
43:19 Ancient of Wind
44:09 Altar of Elders
44:27 Chimaera Roost
45:45 Moon Well
45:54 Moon Well
47:13 Moon Well
47:14 Moon Well
47:26 Moon Well
60:06 Ancient of Wonders
105:37 Moon Well
113:55 Tree of Life
» items
                
                | Healing Salve | 1 |  | 
| Lesser Clarity Potion | 1 |  | 
| Orb of Venom | 1 |  | 
| Anti-magic Potion | 1 |  | 
| Potion of Healing | 1 |  | 
| Scroll of Town Portal | 4 |  | 
| Ring of Protection +5 | 2 |  | 
| Orb of Frost | 1 |  | 
                12 total
  
               
              
              
HERNaNDO (
orange | 31 APM | 3829 actions | 123:57)
              
 4 Archmage 
 2 Blizzard
 2 Brilliance Aura
 4 Blood Mage 
 2 Flame Strike
 2 Siphon Mana
 
                » actions 
                
                | Assign group hotkey | 24 |  | 
| Basic commands | 56 |  | 
| Build / train | 112 |  | 
| Enter build submenu | 75 |  | 
| Enter hero's abilities submenu | 8 |  | 
| Give item / drop item | 2 |  | 
| Right click | 1935 |  | 
| Select / deselect | 1089 |  | 
| Select group hotkey | 163 |  | 
| Use ability | 365 |  | 
                3829 total
 » units 
                
                | Peasant | 15 |  | 
| Sorceress | 3 |  | 
| Priest | 1 |  | 
| Mortar Team | 10 |  | 
                29 total
 » upgrades
                
                | Masonry | 3 |  | 
| Magic Sentry | 1 |  | 
| Sorceress Training | 2 |  | 
| Priest Training | 1 |  | 
| Gunpowder | 3 |  | 
| Flare | 1 |  | 
| Armor | 1 |  | 
                12 total
 » buildings
                
                | Altar of Kings | 1 |  | 
| Farm | 7 |  | 
| Lumber Mill | 2 |  | 
| Scout Tower | 111 |  | 
| Guard Tower | 49 |  | 
| Arcane Tower | 7 |  | 
| Keep | 1 |  | 
| Blacksmith | 1 |  | 
| Arcane Sanctum | 1 |  | 
| Workshop | 1 |  | 
| Castle | 1 |  | 
| Arcane Vault | 1 |  | 
                183 total
 » build order
                00:12 Altar of Kings
00:19 Farm
00:24 Farm
00:37 Lumber Mill
01:28 Scout Tower
01:31 Scout Tower
01:45 Scout Tower
01:48 Scout Tower
01:56 Scout Tower
01:57 Guard Tower
02:03 Scout Tower
02:04 Scout Tower
02:07 Scout Tower
02:27 Guard Tower
02:33 Guard Tower
02:36 Guard Tower
02:40 Scout Tower
02:41 Scout Tower
03:15 Arcane Tower
03:18 Scout Tower
03:24 Guard Tower
03:39 Scout Tower
03:40 Scout Tower
03:41 Scout Tower
03:43 Scout Tower
03:47 Scout Tower
03:51 Arcane Tower
03:53 Guard Tower
03:56 Scout Tower
04:14 Guard Tower
04:26 Guard Tower
04:34 Guard Tower
04:37 Scout Tower
04:38 Guard Tower
04:43 Scout Tower
04:52 Scout Tower
04:54 Scout Tower
04:55 Scout Tower
05:05 Keep
05:21 Guard Tower
05:23 Guard Tower
05:27 Guard Tower
06:14 Scout Tower
06:16 Scout Tower
06:17 Scout Tower
06:18 Scout Tower
06:18 Scout Tower
06:28 Farm
06:29 Farm
06:32 Blacksmith
06:45 Scout Tower
06:47 Scout Tower
06:49 Scout Tower
06:51 Scout Tower
06:52 Scout Tower
06:54 Scout Tower
06:55 Scout Tower
06:55 Scout Tower
07:05 Guard Tower
07:12 Guard Tower
07:13 Guard Tower
07:22 Scout Tower
07:23 Scout Tower
07:29 Scout Tower
07:30 Scout Tower
07:31 Scout Tower
07:33 Scout Tower
07:36 Scout Tower
07:38 Scout Tower
07:38 Scout Tower
07:39 Scout Tower
07:40 Guard Tower
07:42 Scout Tower
07:43 Scout Tower
07:47 Arcane Sanctum
07:51 Guard Tower
08:03 Guard Tower
08:13 Guard Tower
08:14 Guard Tower
08:14 Guard Tower
08:17 Scout Tower
08:18 Scout Tower
08:19 Scout Tower
08:24 Scout Tower
08:25 Scout Tower
08:26 Guard Tower
08:28 Guard Tower
08:40 Guard Tower
08:41 Guard Tower
08:46 Workshop
08:50 Guard Tower
09:30 Guard Tower
09:32 Scout Tower
09:33 Scout Tower
09:34 Scout Tower
09:35 Scout Tower
09:42 Guard Tower
09:59 Scout Tower
10:01 Scout Tower
10:02 Scout Tower
10:04 Scout Tower
10:06 Scout Tower
10:08 Scout Tower
10:09 Guard Tower
10:14 Arcane Tower
10:43 Guard Tower
10:46 Guard Tower
10:48 Guard Tower
10:49 Arcane Tower
11:29 Arcane Tower
11:45 Scout Tower
11:46 Scout Tower
11:47 Scout Tower
11:48 Scout Tower
11:49 Scout Tower
11:51 Scout Tower
11:52 Scout Tower
12:07 Guard Tower
12:24 Castle
12:44 Scout Tower
12:45 Scout Tower
12:48 Scout Tower
12:49 Scout Tower
12:50 Scout Tower
12:52 Scout Tower
13:08 Guard Tower
13:26 Guard Tower
13:36 Scout Tower
13:37 Scout Tower
13:38 Scout Tower
14:36 Guard Tower
14:45 Scout Tower
14:46 Scout Tower
14:47 Scout Tower
14:52 Scout Tower
14:53 Scout Tower
14:54 Scout Tower
14:54 Scout Tower
15:22 Farm
15:30 Farm
15:34 Farm
15:50 Guard Tower
16:27 Guard Tower
17:07 Guard Tower
17:33 Scout Tower
17:34 Scout Tower
18:00 Arcane Vault
18:17 Guard Tower
18:20 Scout Tower
18:21 Scout Tower
18:21 Scout Tower
18:53 Guard Tower
20:24 Guard Tower
20:26 Scout Tower
21:12 Guard Tower
21:24 Scout Tower
22:29 Guard Tower
22:33 Scout Tower
22:34 Scout Tower
22:34 Scout Tower
22:36 Scout Tower
22:37 Scout Tower
22:39 Scout Tower
23:02 Scout Tower
23:03 Scout Tower
23:05 Scout Tower
24:44 Lumber Mill
25:37 Guard Tower
26:41 Guard Tower
26:54 Scout Tower
26:56 Scout Tower
26:57 Scout Tower
26:59 Scout Tower
27:01 Scout Tower
116:22 Scout Tower
117:03 Arcane Tower
117:12 Scout Tower
117:49 Arcane Tower
121:22 Scout Tower
121:23 Scout Tower
121:26 Scout Tower
121:54 Guard Tower
122:17 Guard Tower
» items
                
                | Healing Salve | 1 |  | 
| Scroll of Town Portal | 1 |  | 
| Staff of Sanctuary | 1 |  | 
                3 total
  
               
              
              
VELOX_NEB (
yellow | 66 APM | 8186 actions | 124:09)
              
 8 Goblin Alchemist 
 3 Chemical Rage
 1 Healing Spray
 3 Acid Bomb
 1 Transmute
 
                » actions 
                
                | Assign group hotkey | 45 |  | 
| Basic commands | 149 |  | 
| Build / train | 142 |  | 
| ESC pressed | 17 |  | 
| Enter build submenu | 62 |  | 
| Enter hero's abilities submenu | 9 |  | 
| Give item / drop item | 1 |  | 
| Right click | 5821 |  | 
| Select / deselect | 879 |  | 
| Select group hotkey | 374 |  | 
| Use ability | 687 |  | 
                8186 total
 » units 
                
                | Peon | 11 |  | 
| Troll Batrider | 88 |  | 
| Troll Witch Doctor | 4 |  | 
                103 total
 » upgrades
                
                | Ranged Weapons | 2 |  | 
| Liquid Fire | 1 |  | 
| Witch Doctor Training | 2 |  | 
| Armor | 1 |  | 
                6 total
 » buildings
                
                | War Mill | 2 |  | 
| Orc Burrow | 4 |  | 
| Altar of Storms | 2 |  | 
| Watch Tower | 46 |  | 
| Voodoo Lounge | 1 |  | 
| Stronghold | 1 |  | 
| Beastiary | 5 |  | 
| Fortress | 1 |  | 
| Great Hall | 1 |  | 
| Spirit Lodge | 1 |  | 
                64 total
 » build order
                00:08 War Mill
00:21 Orc Burrow
00:55 Altar of Storms
01:40 Watch Tower
02:24 Watch Tower
02:41 Watch Tower
02:47 Watch Tower
03:12 Watch Tower
03:24 Voodoo Lounge
03:33 Watch Tower
04:22 Watch Tower
04:24 Watch Tower
04:28 Watch Tower
04:37 Watch Tower
05:30 Watch Tower
05:33 Watch Tower
05:37 Watch Tower
06:31 Stronghold
06:33 Watch Tower
07:15 Watch Tower
07:17 Watch Tower
07:20 Watch Tower
07:23 Watch Tower
07:26 Watch Tower
07:41 Watch Tower
08:01 Watch Tower
08:30 Watch Tower
08:33 Watch Tower
08:35 Watch Tower
08:54 Watch Tower
08:59 Beastiary
09:40 Watch Tower
10:04 Beastiary
10:07 Watch Tower
10:10 Watch Tower
10:41 Fortress
10:46 Orc Burrow
10:49 Orc Burrow
11:39 Watch Tower
11:57 Orc Burrow
12:52 War Mill
13:25 Watch Tower
14:32 Watch Tower
15:04 Great Hall
20:38 Watch Tower
20:39 Watch Tower
20:43 Watch Tower
20:55 Spirit Lodge
25:34 Watch Tower
26:59 Watch Tower
27:47 Watch Tower
29:30 Watch Tower
30:51 Watch Tower
30:53 Watch Tower
30:56 Watch Tower
30:57 Watch Tower
31:01 Watch Tower
34:28 Watch Tower
47:16 Watch Tower
49:44 Watch Tower
51:24 Beastiary
51:25 Beastiary
54:51 Beastiary
97:11 Altar of Storms
» items
                
                | Lesser Clarity Potion | 2 |  | 
| Orb of Lightning | 1 |  | 
| Healing Salve | 1 |  | 
| Scroll of Town Portal | 9 |  | 
| Anti-magic Potion | 3 |  | 
| Ankh of Reincarnation | 1 |  | 
| Health Stone | 1 |  | 
| Potion of Healing | 2 |  | 
| Potion of Mana | 1 |  | 
| Scroll of Speed | 1 |  | 
                22 total
  
               team 2 (loser) 
              
              
I)arkness (
purple | 39 APM | 3340 actions | 86:39)
              
 6 Mountain King 
 3 Storm Bolt
 2 Bash
 1 Avatar
 3 Blood Mage 
 1 Flame Strike
 2 Banish
 
                » actions 
                
                | Assign group hotkey | 48 |  | 
| Basic commands | 19 |  | 
| Build / train | 91 |  | 
| Enter build submenu | 31 |  | 
| Enter hero's abilities submenu | 11 |  | 
| Give item / drop item | 11 |  | 
| Remove unit from queue | 3 |  | 
| Right click | 1285 |  | 
| Select / deselect | 471 |  | 
| Select group hotkey | 1065 |  | 
| Use ability | 305 |  | 
                3340 total
 » units 
                
                | Peasant | 11 |  | 
| Footman | 3 |  | 
| Rifleman | 5 |  | 
| Mortar Team | 15 |  | 
| Dragonhawk Rider | 25 |  | 
| Flying Machine | 6 |  | 
                65 total
 » upgrades
                
                | Gunpowder | 3 |  | 
| Flare | 1 |  | 
| Cloud | 1 |  | 
| Fragmentation Shards | 1 |  | 
| Armor | 1 |  | 
| Barrage | 0 |  | 
                7 total
 » buildings
                
                | Farm | 15 |  | 
| Altar of Kings | 1 |  | 
| Barracks | 1 |  | 
| Lumber Mill | 1 |  | 
| Blacksmith | 1 |  | 
| Scout Tower | 5 |  | 
| Keep | 1 |  | 
| Arcane Vault | 1 |  | 
| Arcane Tower | 2 |  | 
| Workshop | 2 |  | 
| Town Hall | 1 |  | 
| Castle | 1 |  | 
| Gryphon Aviary | 1 |  | 
                33 total
 » build order
                00:10 Farm
00:27 Altar of Kings
00:53 Barracks
01:09 Farm
01:39 Lumber Mill
01:48 Blacksmith
01:59 Farm
02:40 Farm
03:13 Scout Tower
03:30 Keep
03:40 Farm
04:17 Arcane Vault
04:26 Arcane Tower
05:28 Farm
06:16 Workshop
06:25 Farm
06:45 Scout Tower
06:54 Workshop
07:58 Farm
08:34 Farm
08:41 Arcane Tower
11:26 Town Hall
12:10 Farm
13:01 Farm
13:04 Castle
14:10 Scout Tower
14:26 Gryphon Aviary
15:05 Scout Tower
15:10 Scout Tower
17:41 Farm
17:44 Farm
24:02 Farm
24:03 Farm
» items
                 
               
              
              
» 
iamsmart (
red | 113 APM | 13954 actions | 123:54)
              
 8 Blademaster 
 3 Wind Walk
 3 Critical Strike
 1 Bladestorm
 1 Mirror Image
 6 Shadow Hunter 
 3 Healing Wave
 2 Hex
 1 Big Bad Voodoo
 1 Blood Mage 
 1 Flame Strike
 
                » actions 
                
                | Assign group hotkey | 135 |  | 
| Basic commands | 129 |  | 
| Build / train | 176 |  | 
| ESC pressed | 23 |  | 
| Enter build submenu | 44 |  | 
| Enter hero's abilities submenu | 16 |  | 
| Give item / drop item | 17 |  | 
| Right click | 6695 |  | 
| Select / deselect | 1322 |  | 
| Select group hotkey | 4725 |  | 
| Use ability | 670 |  | 
                13954 total
 » units 
                
                | Peon | 19 |  | 
| Grunt | 5 |  | 
| Shaman | 8 |  | 
| Troll Batrider | 62 |  | 
| Demolisher | 12 |  | 
| Raider | 15 |  | 
| Troll Witch Doctor | 2 |  | 
| Mortar Team | 4 |  | 
                127 total
 » upgrades
                
                | Melee Weapons | 2 |  | 
| Shaman Training | 2 |  | 
| Armor | 3 |  | 
| Reinforced Defenses | 1 |  | 
| Witch Doctor Training | 2 |  | 
| Spiked Barricades | 2 |  | 
| Ranged Weapons | 2 |  | 
| Liquid Fire | 1 |  | 
| Pillage | 1 |  | 
| Burning Oil | 1 |  | 
| Ensnare | 1 |  | 
| Backpack | 1 |  | 
                19 total
 » buildings
                
                | Altar of Storms | 1 |  | 
| Orc Burrow | 7 |  | 
| Barracks | 5 |  | 
| Voodoo Lounge | 2 |  | 
| Stronghold | 1 |  | 
| War Mill | 2 |  | 
| Spirit Lodge | 1 |  | 
| Watch Tower | 16 |  | 
| Fortress | 1 |  | 
| Great Hall | 1 |  | 
| Beastiary | 2 |  | 
                39 total
 » build order
                00:20 Altar of Storms
00:23 Orc Burrow
01:03 Barracks
01:11 Barracks
01:36 Orc Burrow
02:08 Voodoo Lounge
03:15 Stronghold
03:34 War Mill
03:37 War Mill
05:33 Orc Burrow
05:43 Spirit Lodge
06:15 Watch Tower
06:17 Watch Tower
07:12 Fortress
08:16 Orc Burrow
10:00 Great Hall
10:21 Watch Tower
10:22 Watch Tower
11:05 Beastiary
11:11 Watch Tower
11:59 Watch Tower
12:00 Watch Tower
12:38 Watch Tower
13:06 Watch Tower
14:14 Watch Tower
14:50 Beastiary
15:10 Watch Tower
15:55 Watch Tower
17:09 Watch Tower
17:10 Watch Tower
17:37 Orc Burrow
18:16 Watch Tower
18:18 Watch Tower
23:19 Voodoo Lounge
28:13 Barracks
28:15 Barracks
28:16 Barracks
33:38 Orc Burrow
49:43 Orc Burrow
» items
                
                | Claws of Attack +15 | 1 |  | 
| Orb of Frost | 2 |  | 
| Scroll of Town Portal | 2 |  | 
| Potion of Healing | 1 |  | 
| Gloves of Haste | 2 |  | 
| Potion of Greater Mana | 1 |  | 
| Orb of Lightning | 1 |  | 
                10 total
  
               
              
              
» 
r.chan (
pink | 73 APM | 9056 actions | 123:57)
              
 7 Death Knight 
 3 Death Coil
 3 Unholy Aura
 1 Animate Dead
 5 Lich 
 3 Frost Nova
 1 Frost Armor
 1 Dark Ritual
 1 Mountain King 
 1 Bash
 
                » actions 
                
                | Assign group hotkey | 72 |  | 
| Basic commands | 254 |  | 
| Build / train | 119 |  | 
| ESC pressed | 5 |  | 
| Enter build submenu | 64 |  | 
| Enter hero's abilities submenu | 14 |  | 
| Give item / drop item | 7 |  | 
| Remove unit from queue | 4 |  | 
| Right click | 5983 |  | 
| Select / deselect | 686 |  | 
| Select group hotkey | 1396 |  | 
| Use ability | 448 |  | 
                9056 total
 » units 
                
                | Acolyte | 26 |  | 
| Ghoul | 5 |  | 
| Crypt Fiend | 15 |  | 
| Frost Wyrm | 20 |  | 
| Mortar Team | 3 |  | 
| Flying Machine | 1 |  | 
                70 total
 » upgrades
                
                | Web | 1 |  | 
| Burrow | 1 |  | 
| Creature Attack | 3 |  | 
| Freezing Breath | 1 |  | 
| Creature Carapace | 1 |  | 
                7 total
 » buildings
                
                | Crypt | 1 |  | 
| Graveyard | 1 |  | 
| Altar of Darkness | 1 |  | 
| Ziggurat | 35 |  | 
| Tomb of Relics | 1 |  | 
| Nerubian Tower | 1 |  | 
| Halls of the Dead | 1 |  | 
| Black Citadel | 4 |  | 
| Sacrificial Pit | 1 |  | 
| Spirit Tower | 7 |  | 
| Boneyard | 3 |  | 
| Necropolis | 5 |  | 
                61 total
 » build order
                00:17 Crypt
00:20 Graveyard
00:47 Altar of Darkness
01:02 Ziggurat
01:27 Tomb of Relics
02:03 Ziggurat
02:15 Nerubian Tower
04:07 Halls of the Dead
04:34 Ziggurat
04:59 Ziggurat
10:03 Black Citadel
10:03 Black Citadel
10:05 Ziggurat
10:07 Sacrificial Pit
10:45 Ziggurat
10:46 Ziggurat
10:47 Ziggurat
10:50 Ziggurat
12:08 Black Citadel
12:28 Ziggurat
12:29 Ziggurat
12:31 Ziggurat
12:32 Ziggurat
12:33 Ziggurat
12:35 Ziggurat
12:38 Ziggurat
12:40 Ziggurat
12:42 Ziggurat
12:44 Ziggurat
12:46 Ziggurat
13:43 Spirit Tower
13:46 Ziggurat
13:50 Ziggurat
13:51 Ziggurat
14:45 Boneyard
14:46 Boneyard
14:48 Boneyard
15:09 Spirit Tower
15:25 Spirit Tower
15:28 Spirit Tower
15:29 Spirit Tower
16:30 Necropolis
16:42 Necropolis
17:31 Ziggurat
17:32 Ziggurat
17:36 Ziggurat
17:38 Necropolis
18:13 Spirit Tower
20:30 Necropolis
21:14 Ziggurat
21:28 Ziggurat
22:12 Ziggurat
22:14 Necropolis
22:49 Spirit Tower
44:09 Ziggurat
44:12 Ziggurat
44:13 Ziggurat
45:55 Ziggurat
47:13 Ziggurat
50:27 Ziggurat
» items
                 
                Chat log
          
(25:37 / All) iamsmart: my goldmine has collapse
(25:41 / All) HERNaNDO: same
(41:58 / All) iamsmart: |gg
(42:10 / All) HERNaNDO: very poor manner
(44:19 / All) iamsmart: aww
(50:49 / All) iamsmart: mmm jew
(50:56 / All) HERNaNDO: :O)
(51:20 / All) iamsmart: why do u guys play hte jewish way
(51:27 / All) HERNaNDO: shut up, you aren't funny 
(51:35 / All) iamsmart: go wear your yamaka
(51:41 / All) HERNaNDO: just stop trying to make jokes please
(51:52 / All) iamsmart: figures
(52:07 / All) iamsmart: jewish people don't like jokes huh
(52:17 / All) HERNaNDO: you're not funny at all man
(52:22 / All) HERNaNDO: like, for real
(54:49 / All) iamsmart: hungry hungry hippos
(55:00 / All) HERNaNDO: damn i thought you had stopped
(60:22 / All) iamsmart: how much you get?
(61:03 / All) GOKUMaN69: 10 GOLD PER MUTE
(61:08 / All) iamsmart: hax
(61:11 / All) GOKUMaN69: sucks
(64:22 / All) iamsmart: hayll no
(64:55 / All) GOKUMaN69: cant kill our bases
(65:01 / All) iamsmart: can't kill ours
(65:01 / All) GOKUMaN69: you have the hole map
(66:33 / All) HERNaNDO: what other video games do you guys like
(66:53 / All) HERNaNDO: ?
(68:36 / All) iamsmart: blue ur a tank
(70:12 / All) GOKUMaN69: ur moms a tank
(70:14 / All) GOKUMaN69: am i rite?
(70:21 / All) iamsmart: no that was your mom
(70:36 / All) HERNaNDO: horrible
(84:01 / All) GOKUMaN69: when are you guys quitin?
(86:39 / All) HERNaNDO: fucked or not, pp
(86:52 / Allies) VELOX_NEB: at least we're annoying
(110:53 / All) GOKUMaN69: guys Gg
(110:56 / All) GOKUMaN69: nice try
(111:09 / All) VELOX_NEB: we are too gay for you
(111:15 / All) iamsmart: you mean jewish
(111:20 / All) iamsmart: blues not so jewish
(111:21 / All) VELOX_NEB: both
(111:22 / All) iamsmart: he's pretty good
(111:25 / All) VELOX_NEB: in my case
(111:30 / All) iamsmart: you're the biggest jew
(115:58 / All) iamsmart: noooo
(121:37 / All) iamsmart: how the fuck are u doign
(121:38 / All) iamsmart: that
(121:44 / All) HERNaNDO: what
(121:52 / All) iamsmart: the dh
(121:56 / All) iamsmart: are you blinking?
(122:02 / All) GOKUMaN69: yes